 Dungeon Crawl Stone Soup version 0.30-a0-956-gcec3b41aec (webtiles) character file.

Game seed: 12706093452955202683

210 lunkers the Cudgeller (level 6, -13/51 HPs)
             Began as a Meteoran Fighter on Mar 29, 2023.
             Mangled by a wight
             ... wielding a +0 great sword
              (15 damage)
             ... on level 3 of the Dungeon.
             The game lasted 00:01:50 (508 turns).

lunkers the Cudgeller (Meteoran Fighter)             Turns: 508, Time: 00:01:51

Health: -13/51     AC:  6    Str: 21    XL:     6   Next: 35%
Magic:  7/7        EV:  9    Int:  9    God:
Gold:   56         SH:  5    Dex: 13    Spells: 5/5 levels left

rFire   . . .      SeeInvis .    a - +0 flail
rCold   . . .      Faith    .    c - +0 buckler
rNeg    . . .      Spirit   .    b - +0 scale mail
rPois   .          Reflect  .    (no helmet)
rElec   .          Rampage  .    (no cloak)
rCorr   .                        (no gloves)
Will    .....                    (no boots) Stlth
                                 (no amulet)
HPRegen 0.28/turn                (no ring)
MPRegen 0.10/turn                (no ring)

@: glowing
A: sense surroundings 1, otherworldly, glowing, explore regen
a: no special abilities


You were on level 3 of the Dungeon.
You visited 1 branch of the dungeon, and saw 3 of its levels.

You collected 56 gold pieces.

Inventory:

Hand Weapons
 a - a +0 flail (weapon)
Armour
 b - a +0 scale mail (worn)
 c - a +0 buckler (worn)
Scrolls
 e - a scroll of fear {unknown}
 g - a scroll of blinking {unknown}
 h - 4 scrolls of identify {unknown}
 j - 2 scrolls of teleportation {unknown}
Potions
 d - a potion of might
 f - a potion of attraction {unknown}
 i - a potion of flight {unknown}
 k - a potion of heal wounds {unknown}
 l - a potion of berserk rage {unknown}


   Skills:
 - Level 3.2 Fighting
 + Level 7.8 Maces & Flails
 - Level 3.6 Armour
 - Level 3.6 Shields


You had 5 spell levels left.
You didn't know any spells.
Your spell library contained the following spells:

 Spells                   Type           Power      Damage    Failure   Level
 Summon Guardian Golem    Hex/Summ       0%         N/A       99%         3
 Orb of Destruction       Conj           0%         9d5       100%        7
 Spellforged Servitor     Conj/Summ      0%         N/A       100%        7


Dungeon Overview and Level Annotations

Branches:
Dungeon (3/15) Zot: 1266

Altars:

Shops:
D:1 *


Innate Abilities, Weirdness & Mutations

You passively map a small area around you.
You are easily found by Zot.
You glow in the dark.
You regain HP and MP as you explore.


Message History

You closely miss the wight.
The wight hits you with a +2 war axe of freezing!
* * * LOW HITPOINT WARNING * * *
You feel drained.
* * * LOW HITPOINT WARNING * * *
The wight freezes you.
* * * LOW HITPOINT WARNING * * *
You aren't carrying any items that you can evoke.
You hit the wight.
The wight is moderately damaged.
The wight hits you with a +2 war axe of freezing.
* * * LOW HITPOINT WARNING * * *
You feel drained. The wight freezes you.
* * * LOW HITPOINT WARNING * * *
You closely miss the wight.
The wight is moderately damaged.
The wight barely misses you.
You hit the wight.
The wight is severely damaged.
The wight hits you with a +2 war axe of freezing.
* * * LOW HITPOINT WARNING * * *
You feel drained.
* * * LOW HITPOINT WARNING * * *
The wight freezes you.
* * * LOW HITPOINT WARNING * * *
Unknown command.
You sock the wight!
You destroy the wight!
Your life force feels restored.
You hit the wight.
The wight is lightly damaged.
You block the wight's attack.
You hit the wight.
The wight is moderately damaged.
The wight hits you with a +0 great sword!
* * * LOW HITPOINT WARNING * * *
You hit the wight.
The wight is heavily damaged.
The wight hits you with a +0 great sword!
You die...

* #.........####...#.#
+.....!...+........# ,
*.........####....##
....... ##.#.# .....*
###.# , * ... * #.# *
#'# #.# * #z# #.# *
#####@##### #.#
#.........# #.# ,*
#.##...##.# #.#
.#####.#.....#># #.#
............##.#######.#
..####.##..............#
,.........###.#########
* ,####.##.## #.#
........####.#


You could see a wight.

Vanquished Creatures
  2 wights (D:3)
  A howler monkey (D:2)
  A jelly (D:3)
  An adder (D:2)
  A worm (D:2)
  3 dart slugs
  3 endoplasms (D:2)
  A giant cockroach (D:1)
  A goblin (D:3)
  2 hobgoblins
  2 kobolds (D:2)
  2 quokkas (D:2)
  3 ball pythons
  A bat (D:2)
  3 rats
27 creatures vanquished.

Vanquished Creatures (others)
  2 plants (D:2)
2 creatures vanquished.

Grand Total: 29 creatures vanquished

Notes
Turn   | Place    | Note
-------+----------+-------------------------------------------
     0 | D:1      | lunkers the Meteoran Fighter began the quest for the Orb.
     0 | D:1      | Reached XP level 1. HP: 19/19 MP: 2/2
    53 | D:1      | Found Dessig Zuot's Assorted Antiques.
    87 | D:1      | Reached skill level 3 in Maces & Flails
   118 | D:1      | Reached XP level 2. HP: 25/26 MP: 3/3
   135 | D:2      | Reached skill level 4 in Maces & Flails
   182 | D:2      | Reached XP level 3. HP: 31/31 MP: 4/4
   328 | D:2      | Noticed a howler monkey
   339 | D:2      | Killed a howler monkey
   340 | D:2      | Reached skill level 5 in Maces & Flails
   340 | D:2      | Reached XP level 4. HP: 13/38 MP: 5/5
   431 | D:3      | Reached skill level 6 in Maces & Flails
   437 | D:3      | Reached XP level 5. HP: 24/45 MP: 6/6
   498 | D:3      | Reached skill level 7 in Maces & Flails
   498 | D:3      | Reached XP level 6. HP: 40/51 MP: 7/7
   507 | D:3      | HP: 2/51 [wight/+0 great sword (7)]
   508 | D:3      | Mangled by a wight

Illustrated notes

Levels and vault maps discovered:
D:1:      minmay_arrival_four_houses, layout_rooms, serial_shops,
          nicolae_shop_stone, shop, shapermc_ecumenical_altar_starsandcircs
D:2:      layout_basic, serial_bayou, serial_bayou_lagoon_b,
          serial_bayou_pond_d, serial_bayou_shore_a, serial_bayou_pond_b,
          minmay_misc_feat_chi
D:3:      layout_loops_corners, minmay_misc_feat_enclosed, st_stairs_13,
          columned_hall_lemuel, chequers_serial_rivers_marsh

Skill      XL: |  1  2  3  4  5 |
---------------+----------------+-----
Maces & Flails | 3 4 5 6 7 |  7.8
Fighting       | |  3.2
Armour         | |  3.6
Shields        | |  3.6

Action                     |  1- 3 |  4- 6 || total
---------------------------+-------+-------++-------
  Melee: Flail             |    58 |    29 ||    87
 Armour: Scale mail        |    19 |     6 ||    25
  Dodge: Dodged            |    21 |     4 ||    25
  Block: Buckler           |     9 |     5 ||    14

Table legend: (Time is in decaauts)
 A = Elapsed time spent in this place.
 B = Non-inter-level travel time spent in this place.
 C = Inter-level travel time spent in this place.
 D = Time resting spent in this place.
 E = Time spent auto-exploring this place.
 F = Levels seen in this place.
 G = Mean time per level.
                   A        B        C        D        E       F      G
               +--------+--------+--------+--------+--------+-----+--------+
         Total |    532 |    530 |      2 |      0 |    300 |   3 |  177.3 |
       Dungeon |    532 |    530 |      2 |      0 |    300 |   3 |  177.3 |
               +--------+--------+--------+--------+--------+-----+--------+

Top non-repeatable levels by time:
     D:2: 294 daAuts
     D:1: 122 daAuts
     D:3: 114 daAuts
